[Event "Titled Tuesday Blitz April 11 Late 2023"]
[White "Akhmetov, Ayan"]
[Black "Osmonbekov, Talaibek"]
[WhiteFideId "13703706"]
[BlackFideId "2017253"]
[WhiteElo "2398"]
[BlackElo "2135"]
[Result "1-0"]
[Round "04"]
[TimeControl "180+2"]
[Date "2023.04.11"]
[WhiteClock "0:00:11"]
[BlackClock "0:00:01"]

1. Nf3 f5 2. g3 Nf6 3. Bg2 Nc6 4. d4 e6 5. O-O d5 6. c4 Be7 7. Nc3 O-O 8. Bf4 Bd7 9. Rc1 Bd6 10. Bxd6 cxd6 11. cxd5 exd5 12. e3 Ne7 13. Ne1 Qb6 14. Nd3 Rac8 15. Nf4 Bc6 16. Qb3 Qxb3 17. axb3 Rfe8 18. h4 g6 19. Ra1 a6 20. Ra5 Kf7 21. b4 h6 22. b5 axb5 23. Nxb5 Red8 24. Nc3 g5 25. hxg5 hxg5 26. Nfxd5 Nfxd5 27. Nxd5 Nxd5 28. Bxd5+ Bxd5 29. Rxd5 Ke6 30. Rb5 Rd7 31. Ra1 Rc2 32. Ra3 g4 33. Rab3 Rcc7 34. Kf1 Kf6 35. Ke2 Ke6 36. Rc3 Rxc3 37. bxc3 Rc7 38. Kd3 d5 39. Rb6+ Ke7 40. Rg6 Rd7 41. Rh6 Rc7 42. Rh7+ Kd6 43. Rh8 Ke6 44. Re8+ Kf6 45. Re5 Rd7 46. Re8 Rc7 47. Rb8 Ke6 48. Ra8 Kf6 49. Ra5 Ke6 50. Ra4 Kd6 51. Rb4 Ke6 52. Rb6+ Ke7 53. Kc2 1-0


[Site "https://www.chess.com"]

[Event "Titled Tuesday Blitz April 11 Late 2023"]
[White "Sargsyan, Shant"]
[Black "Sreyas Payyappat"]
[WhiteFideId "13306766"]
[BlackFideId "46674969"]
[WhiteElo "2628"]
[BlackElo "2083"]
[Result "1-0"]
[Round "04"]
[TimeControl "180+2"]
[Date "2023.04.11"]
[WhiteClock "0:02:24"]
[BlackClock "0:00:57"]

1. g3 Nf6 2. Nf3 c5 3. Bg2 Nc6 4. O-O g6 5. d3 Bg7 6. Nc3 d5 7. e4 d4 8. Ne2 e5 9. Nd2 O-O 10. a4 Bd7 11. f4 Ng4 12. Nc4 f5 13. h3 Ne3 14. Nxe3 dxe3 15. Bxe3 exf4 16. Nxf4 Bxb2 17. Bxc5 Bxa1 18. Qxa1 Rf7 19. exf5 Bxf5 20. Bd5 Qc7 21. g4 Ne5 22. Bd4 Nc6 23. gxf5 Nxd4 24. Qxd4 Rd8 25. Bxf7+ Kxf7 26. fxg6+ Kg8 27. gxh7+ Kxh7 28. Qe4+ Kh8 29. Ng6+ Kg8 30. Qe6+ Kg7 31. Ne5 Qc5+ 32. Kh1 1-0


[Site "https://www.chess.com"]

[Event "Titled Tuesday Blitz April 11 Late 2023"]
[White "Sztokbant, Bernardo Vainzoff"]
[Black "Ezat, Mohamed"]
[WhiteFideId "2115956"]
[BlackFideId "10600906"]
[WhiteElo "2222"]
[BlackElo "2386"]
[Result "1-0"]
[Round "04"]
[TimeControl "180+2"]
[Date "2023.04.11"]
[WhiteClock "0:00:22"]
[BlackClock "0:00:02"]

1. e4 e5 2. Nf3 Nc6 3. Bb5 Nge7 4. O-O a6 5. Ba4 g6 6. c3 Bg7 7. d4 exd4 8. cxd4 b5 9. Bb3 O-O 10. Nc3 d6 11. h3 h6 12. Re1 Na5 13. Bc2 c5 14. d5 Nc4 15. a4 b4 16. Ne2 Nxb2 17. Bxb2 Bxb2 18. Rb1 Bg7 19. Nd2 a5 20. Bd3 Ba6 21. Bxa6 Rxa6 22. Nc4 Nc8 23. Qd3 Ra7 24. Nc1 Nb6 25. Nxb6 Qxb6 26. Nb3 Re7 27. Nd2 Rfe8 28. Nc4 Qa6 29. f3 Bc3 30. Rec1 Bd4+ 31. Kh1 Kg7 32. Rc2 Rd8 33. Rd1 h5 34. Re2 Qa8 35. f4 Ra7 36. f5 Qb7 37. Rf1 Qd7 38. Qg3 b3 39. Qxb3 Rb7 40. Qg3 Rb4 41. Nxa5 Qxa4 42. Nc6 Rd7 43. fxg6 fxg6 44. Qf4 Qa8 45. Nxb4 cxb4 46. Rb1 Be5 47. Qe3 Rf7 48. Rf2 Rxf2 49. Qxf2 Qa4 50. Qb6 Qa3 51. Qxb4 Qg3 52. Kg1 Qe3+ 53. Kf1 Kh6 54. Qc4 Bd4 55. Qc1 Kg5 56. Qxe3+ Bxe3 57. Ke2 Bc5 58. Kf3 Kf6 59. Rb8 Ke5 60. Re8+ Kf6 61. Re6+ Kg5 62. g3 h4 63. gxh4+ Kh5 64. e5 dxe5 65. d6 Kxh4 66. d7 e4+ 67. Kxe4 Bb6 68. Rxb6 g5 69. d8=Q Kxh3 70. Qxg5 1-0


[Site "https://www.chess.com"]

[Event "Titled Tuesday Blitz April 11 Late 2023"]
[White "Minko, Dmitry"]
[Black "Sieciechowicz, Marcin"]
[WhiteFideId "24188468"]
[BlackFideId "1130170"]
[WhiteElo "2147"]
[BlackElo "2302"]
[Result "0-1"]
[Round "04"]
[TimeControl "180+2"]
[Date "2023.04.11"]
[WhiteClock "0:00:02"]
[BlackClock "0:00:42"]

1. e4 c5 2. Nf3 d6 3. d4 cxd4 4. Nxd4 Nf6 5. Nc3 a6 6. Be3 e5 7. Nb3 Be6 8. f3 Be7 9. Qd2 O-O 10. O-O-O a5 11. Kb1 a4 12. Nc1 a3 13. b3 Nc6 14. g4 Rc8 15. h4 Nb4 16. Bd3 d5 17. g5 d4 18. gxf6 Bxf6 19. Nd5 Nxd5 20. exd5 Bxd5 21. Bg5 Bxf3 22. Bxf6 Qxf6 23. Rdf1 Qc6 24. Rhg1 e4 25. Bc4 b5 26. Qg5 g6 27. Qxb5 Qf6 28. Qg5 Qg7 29. Nd3 exd3 30. Rxf3 dxc2+ 31. Kxc2 d3+ 32. Rxd3 Qb2+ 33. Kd1 Qxa2 34. Qe3 Qb2 35. Rd2 Rcd8 36. Ke2 Rxd2+ 37. Qxd2 Qe5+ 38. Qe3 Qh5+ 39. Kf2 Qxh4+ 40. Qg3 Qd4+ 41. Qe3 Qb2+ 42. Qe2 Qf6+ 43. Qf3 Qg7 44. Rh1 a2 45. Qd1 Qf6+ 46. Kg2 Qg5+ 47. Kf2 Rd8 48. Qe2 Qf6+ 49. Qf3 a1=Q 50. Rxa1 Qxa1 51. Qxf7+ Kh8 52. Qe7 Qd4+ 53. Kf3 Qd6 54. Qe2 Rf8+ 55. Kg2 Qf6 56. Qe3 Kg7 57. Qa7+ Kh6 58. Qe3+ Qg5+ 59. Qxg5+ Kxg5 60. b4 Rb8 61. b5 Kf4 62. Be2 g5 63. Bd3 h5 64. Kh3 Rd8 65. Be2 g4+ 66. Kh4 Rd2 67. b6 Rxe2 68. Kxh5 Rb2 69. Kh4 Rxb6 70. Kh5 g3 71. Kh4 Rh6# 0-1


[Site "https://www.chess.com"]

[Event "Titled Tuesday Blitz April 11 Late 2023"]
[White "Manzone, Alessandro"]
[Black "Baches Garcia, Guillermo"]
[WhiteFideId "112488"]
[BlackFideId "2209764"]
[WhiteElo "2255"]
[BlackElo "2334"]
[Result "1/2-1/2"]
[Round "04"]
[TimeControl "180+2"]
[Date "2023.04.11"]
[WhiteClock "0:00:06"]
[BlackClock "0:00:03"]

1. d4 Nf6 2. c4 e6 3. Nc3 d5 4. cxd5 Nxd5 5. e3 c5 6. Bc4 cxd4 7. exd4 Nxc3 8. bxc3 Qc7 9. Qd3 Bd6 10. Nf3 Nd7 11. Bd2 b6 12. O-O Bb7 13. h3 O-O 14. Bb3 Bf4 15. Rfe1 Bxf3 16. Bxf4 Qxf4 17. Qxf3 Qxf3 18. gxf3 Rac8 19. c4 Rfd8 20. Rad1 Kf8 21. Re2 Nf6 22. a4 Rd6 23. Red2 Ke7 24. Kf1 Nh5 25. Ke2 Nf4+ 26. Ke3 g5 27. Rg1 h6 28. h4 Kf6 29. hxg5+ hxg5 30. Rh1 Rcd8 31. Ke4 Ng6 32. a5 R6d7 33. axb6 axb6 34. Ra1 Ne7 35. Ra6 Rd6 36. Ba4 Nf5 37. d5 exd5+ 38. Rxd5 Rxd5 39. cxd5 Nd6+ 40. Kd4 Rb8 41. Bc6 Nf5+ 42. Kc4 Nd6+ 43. Kb4 Ke5 44. Ra7 f5 45. Re7+ Kd4 46. Re6 Nc4 47. d6 Rd8 48. d7 Ne5 49. Bb5 Kd5 50. Rxb6 Nxd7 51. Rg6 Ne5 52. Rxg5 Nxf3 53. Rxf5+ Ke4 54. Rc5 Rd4+ 55. Ka5 Nd2 56. Kb6 Nb3 57. Rh5 Nd2 58. Rh4+ Ke5 59. Rh5+ Ke4 60. Bc6+ Kf4 61. Rh8 Rb4+ 62. Kc5 Rb2 63. Rf8+ Kg5 64. f4+ Kg6 65. f5+ Kg7 66. Rd8 Nb3+ 67. Kb6 Rf2 68. Bd7 Nd2 69. Kc7 Ne4 70. Be6 Nf6 71. Rd4 Rc2+ 72. Kd6 Rb2 73. Ke5 Rb5+ 74. Kf4 Rb8 75. Kg5 Nh7+ 76. Kf4 Rb7 77. Rc4 Ra7 78. Rc5 Nf6 79. Ke5 Ne8 80. Rc8 Nf6 81. Rd8 Ra5+ 82. Kf4 Ra4+ 83. Ke5 Re4+ 84. Kd6 Rd4+ 85. Ke7 Rxd8 86. Kxd8 Ng4 87. Ke7 Nf6 88. Bc4 Ng4 89. Kd6 Nf6 90. Ke5 Ng4+ 91. Kf4 Nf6 92. Bd3 Nd7 93. Kg5 Nf6 94. Bc2 Nd5 95. Bd1 Nf6 96. Bf3 Nd7 97. Kf4 Kf6 98. Bc6 Nc5 99. Bd5 Na4 100. Be6 Nb6 101. Ke4 Na4 102. Kd4 Nb2 103. Ke3 Na4 104. Kd4 Nb2 105. Kc3 Nd1+ 106. Kd3 Nf2+ 107. Ke3 Nh3 108. Ke4 Ng5+ 109. Kd5 Nh7 110. Bg8 Kxf5 1/2-1/2


[Site "https://www.chess.com"]

[Event "Titled Tuesday Blitz April 11 Late 2023"]
[White "Sai Krishna G V"]
[Black "Girsh, Daniel"]
[WhiteFideId "5028280"]
[BlackFideId "30949190"]
[WhiteElo "2359"]
[BlackElo "2075"]
[Result "0-1"]
[Round "04"]
[TimeControl "180+2"]
[Date "2023.04.11"]
[WhiteClock "0:00:40"]
[BlackClock "0:00:13"]

1. d4 Nf6 2. g3 g6 3. Bg2 Bg7 4. e4 O-O 5. e5 Ne8 6. h4 d6 7. exd6 Nxd6 8. h5 c5 9. dxc5 Nc4 10. Qxd8 Rxd8 11. c3 Na6 12. Nd2 Nxd2 13. Bxd2 Nxc5 14. Ke2 Bg4+ 15. f3 Be6 16. b3 Rac8 17. Nh3 Bf5 18. Nf2 Nd3 19. Ne4 Rd7 20. Rad1 Bxe4 21. fxe4 Nb2 22. Rc1 Nd3 23. Rc2 Be5 24. hxg6 hxg6 25. c4 Bxg3 26. Kf3 Be5 27. Be3 Nb4 28. Re2 Rd3 29. Kf2 Bd4 30. Bxd4 Rxd4 31. e5 b6 32. Be4 Rc5 33. Ke3 Rd8 34. Kf4 Nd3+ 35. Bxd3 Rxd3 36. Reh2 g5+ 37. Kf5 Rf3+ 38. Kg4 Rd3 39. Rh8+ Kg7 40. R8h7+ Kg8 41. Kf5 Rf3+ 42. Kg4 Rd3 43. e6 Rd4+ 44. Kg3 fxe6 45. Rxe7 Rf5 46. Rhh7 Rf6 47. Reg7+ Kf8 48. Rxa7 Kg8 49. Rag7+ Kf8 50. Rb7 Kg8 51. Rhg7+ Kf8 52. Rxg5 Rd3+ 53. Kg4 Rd4+ 54. Kh5 Rd1 55. Rxb6 Rh1+ 56. Kg4 Rg1+ 57. Kh4 Rh6+ 58. Rh5 Rh1+ 59. Kg4 R6xh5 60. Rxe6 R5h4+ 61. Kf3 R1h3+ 62. Ke2 Rh2+ 63. Kd3 R4h3+ 64. Kd4 Rxa2 65. b4 Rb2 66. b5 Rh4+ 67. Kd5 Rc2 68. Rc6 Rh5+ 69. Kd6 Rh6+ 70. Kc5 Rxc6+ 71. Kxc6 Rxc4+ 72. Kd7 Rb4 73. Kc6 Ke7 74. b6 Rc4+ 75. Kb7 Kd7 76. Ka8 Kc6 77. b7 Ra4+ 78. Kb8 Rh4 79. Ka8 Ra4+ 80. Kb8 Kb6 81. Kc8 Rc4+ 82. Kb8 Re4 83. Ka8 Ra4+ 84. Kb8 Ra7 85. Kc8 Rxb7 86. Kd8 Kc6 87. Kc8 Ra7 88. Kb8 Kb6 89. Kc8 Rb7 90. Kd8 Kc6 91. Kc8 Rb6 92. Kd8 Rb8+ 93. Ke7 Rc8 94. Ke6 Re8+ 95. Kf7 Kd7 96. Kf6 Re7 97. Kf5 Kd6 98. Kf6 Rd7 99. Kf5 Rf7+ 100. Ke4 Ke6 101. Kd4 Rf5 102. Ke4 Kf6 103. Kd4 Rf4+ 104. Kd5 Rg4 105. Kc5 Ke5 106. Kc6 Rd4 107. Kc5 Rd3 108. Kc4 Rd5 109. Kc3 Ke4 110. Kc4 Re5 111. Kb4 Kd4 112. Kb3 Re6 113. Kb4 Rb6+ 114. Ka5 Kc5 115. Ka4 Kc4 116. Ka5 Re6 117. Ka4 Ra6# 0-1


[Site "https://www.chess.com"]

[Event "Titled Tuesday Blitz April 11 Late 2023"]
[White "Kavutskiy, Konstantin"]
[Black "Petrova, Irina"]
[WhiteFideId "2026384"]
[BlackFideId "14124122"]
[WhiteElo "2323"]
[BlackElo "2084"]
[Result "1-0"]
[Round "04"]
[TimeControl "180+2"]
[Date "2023.04.11"]
[WhiteClock "0:00:39"]
[BlackClock "0:00:15"]

1. Nf3 d6 2. e4 g6 3. d4 Bg7 4. Nc3 Nf6 5. Be3 O-O 6. Qd2 Bg4 7. Bd3 Nc6 8. d5 Bxf3 9. gxf3 Ne5 10. Be2 c6 11. dxc6 bxc6 12. O-O-O Qa5 13. a3 Rfc8 14. h4 Rab8 15. h5 Nxh5 16. f4 Nd7 17. Bxh5 gxh5 18. Bd4 e5 19. fxe5 Nxe5 20. Rdg1 Ng6 21. Bxg7 Kxg7 22. Rg5 Qb6 23. b3 Qa6 24. a4 d5 25. Rgxh5 Rh8 26. exd5 cxd5 27. Qd4+ Kg8 28. Nxd5 Qc6 29. Nf6+ Kf8 30. Nd7+ Kg8 31. Nxb8 1-0


[Site "https://www.chess.com"]

[Event "Titled Tuesday Blitz April 11 Late 2023"]
[White "Ribeiro, Matheus Mendes Domingues"]
[Black "Yeritsyan, Hayk"]
[WhiteFideId "324226923"]
[BlackFideId "13307320"]
[WhiteElo "2168"]
[BlackElo "2241"]
[Result "0-1"]
[Round "04"]
[TimeControl "180+2"]
[Date "2023.04.11"]
[WhiteClock "0:00:07"]
[BlackClock "0:00:28"]

1. c4 c6 2. Nf3 d5 3. e3 Nf6 4. Nc3 e6 5. b3 Bd6 6. Bb2 Nbd7 7. Qc2 Qe7 8. Rg1 Ne5 9. Be2 O-O 10. Nxe5 Bxe5 11. f4 Bc7 12. g4 dxc4 13. bxc4 Nd7 14. g5 e5 15. Ne4 Kh8 16. f5 f6 17. gxf6 Nxf6 18. Ng5 h6 19. Ne6 Bxe6 20. fxe6 Qxe6 21. Qg6 Qf7 22. Qf5 Qd7 23. Qg6 Qf7 24. Qf5 Qd7 25. Qg6 Rad8 26. O-O-O Qf7 27. Qf5 Qd7 28. Qg6 Qf7 29. Qxf7 Rxf7 30. Rdf1 Rfd7 31. d3 Bb6 32. Rg3 Re7 33. Rf5 Bc7 34. Rg6 Bb6 35. Bxe5 Bxe3+ 36. Kc2 Bd4 37. Bxd4 Rxd4 38. Rf2 Rd8 39. Rgg2 Rde8 40. Bf3 c5 41. Re2 Rxe2+ 42. Rxe2 Rxe2+ 43. Bxe2 Kg8 44. Kc3 Kf7 45. Bf3 b6 46. d4 Ke6 47. d5+ Ke5 48. Be2 Ne8 49. Kb3 Nd6 50. Kc3 Ke4 51. Bf1 g5 52. Be2 Ke3 53. Bh5 Kf4 54. Kd3 g4 55. Bg6 Kg5 56. Be4 h5 57. Bg2 Kf4 58. Bh1 h4 59. Bg2 g3 60. hxg3+ Kxg3 61. Bh1 Kf4 62. Bg2 a6 63. Bh1 b5 64. cxb5 axb5 65. Kc3 Kg3 66. Kb3 h3 67. a4 bxa4+ 68. Kxa4 Kh2 69. Bf3 Kg1 70. Ka5 h2 71. Kb6 c4 72. Kc6 c3 73. Kxd6 c2 74. Ke7 c1=Q 75. d6 Qf4 76. Bc6 Qe5+ 77. Kd7 h1=Q 78. Bxh1 Kxh1 79. Kc6 Qc3+ 80. Kd7 Kg2 81. Ke7 Qe5+ 82. Kd7 Kf3 83. Kc6 Qc3+ 84. Kb7 Qb4+ 85. Kc7 Qc5+ 86. Kd7 Ke4 87. Ke6 Qe5+ 88. Kd7 Kd5 0-1


[Site "https://www.chess.com"]

[Event "Titled Tuesday Blitz April 11 Late 2023"]
[White "Gatterer, Florian"]
[Black "Ozates, Tuna"]
[WhiteFideId "811688"]
[BlackFideId "6354521"]
[WhiteElo "2221"]
[BlackElo "2151"]
[Result "1/2-1/2"]
[Round "04"]
[TimeControl "180+2"]
[Date "2023.04.11"]
[WhiteClock "0:00:19"]
[BlackClock "0:00:15"]

1. Nf3 c5 2. g3 Nc6 3. Bg2 e5 4. c4 g6 5. Nc3 Bg7 6. d3 d6 7. h4 h6 8. a3 Nge7 9. Bd2 Be6 10. e4 Qd7 11. Nd5 f5 12. Qc1 O-O-O 13. b4 Kb8 14. bxc5 dxc5 15. Rb1 fxe4 16. dxe4 Nd4 17. Nxd4 cxd4 18. O-O Nc6 19. a4 Bh3 20. a5 Rhf8 21. a6 b6 22. Nxb6 axb6 23. Rxb6+ Ka8 24. Bxh3 Qxh3 25. Rxc6 Rf3 26. Be1 Rdf8 27. Bb4 Rxg3+ 28. fxg3 Qxg3+ 29. Kh1 Qxh4+ 30. Kg1 Qg4+ 31. Kh2 Qh4+ 32. Kg1 Qg3+ 33. Kh1 Qh3+ 34. Kg1 Qg4+ 35. Kh2 Qe2+ 36. Kg1 Qg4+ 1/2-1/2


[Site "https://www.chess.com"]

[Event "Titled Tuesday Blitz April 11 Late 2023"]
[White "Vlassov, Nikolai"]
[Black "Mickiewicz, Piotr"]
[WhiteFideId "4103360"]
[BlackFideId "1114891"]
[WhiteElo "2324"]
[BlackElo "2246"]
[Result "1/2-1/2"]
[Round "04"]
[TimeControl "180+2"]
[Date "2023.04.11"]
[WhiteClock "0:00:12"]
[BlackClock "0:00:10"]

1. e4 e5 2. Bc4 Nf6 3. d3 Nc6 4. Nf3 Bc5 5. Bg5 h6 6. Bh4 d6 7. Nc3 g5 8. Bg3 Be6 9. Nd2 a6 10. h4 Rg8 11. hxg5 hxg5 12. Nd5 Bxd5 13. exd5 Na5 14. Qf3 Qe7 15. Qf5 Nxc4 16. dxc4 Nd7 17. Ne4 O-O-O 18. O-O-O Kb8 19. Rh7 Rdf8 20. Rdh1 Bd4 21. c3 Bb6 22. b4 a5 23. a3 Ba7 24. Kc2 Nb6 25. Kd3 Qd7 26. Qxd7 Nxd7 27. R1h5 g4 28. Rf5 Kc8 29. Rfxf7 Rxf7 30. Rxf7 Rh8 31. Rg7 axb4 32. axb4 b5 33. cxb5 Nb6 34. c4 Na4 35. Rxg4 Bd4 36. Rh4 Nb2+ 37. Kc2 Rxh4 38. Bxh4 Nxc4 39. g4 Na3+ 40. Kd3 Nxb5 41. g5 Kd7 42. g6 Ke8 43. Bg5 Kf8 44. Bh6+ Ke7 45. g7 Kf7 46. Nf6 e4+ 47. Nxe4 Bxg7 48. Bxg7 Kxg7 49. Ng5 Kf6 50. Ne6 c6 51. Nf4 Ke5 52. dxc6 Kxf4 53. Kc4 Na3+ 54. Kd5 Nb5 55. Ke6 Ke4 56. c7 Nxc7+ 57. Kxd6 Nb5+ 58. Kc5 Nc3 59. Kc4 Na4 60. b5 Nb6+ 61. Kc5 Na4+ 62. Kb4 Nb6 63. Kc5 Na4+ 64. Kc6 Kf3 65. b6 Nxb6 66. Kxb6 Kxf2 1/2-1/2


[Site "https://www.chess.com"]

[Event "Titled Tuesday Blitz April 11 Late 2023"]
[White "Vifleemskaia, Svetlana"]
[Black "Dobrikov, Marco"]
[WhiteFideId "4129490"]
[BlackFideId "12950378"]
[WhiteElo "1930"]
[BlackElo "2296"]
[Result "0-1"]
[Round "04"]
[TimeControl "180+2"]
[Date "2023.04.11"]
[WhiteClock "0:00:06"]
[BlackClock "0:00:55"]

1. d4 b5 2. e4 Bb7 3. Bxb5 Bxe4 4. Nf3 Nf6 5. Nc3 Bb7 6. O-O e6 7. Bg5 Be7 8. Re1 O-O 9. a4 a6 10. Bd3 Nc6 11. Ne4 h6 12. Bxf6 Bxf6 13. Nxf6+ Qxf6 14. c3 a5 15. Be4 Rab8 16. Qc2 Ne7 17. Ne5 Rfd8 18. Re2 d6 19. Bxb7 Rxb7 20. Nc4 Ra8 21. Qd3 Nd5 22. g3 h5 23. h4 g6 24. Kg2 Kg7 25. Qf3 Qe7 26. Ne3 Nxe3+ 27. Qxe3 Rab8 28. Ra2 Qd7 29. Qe4 d5 30. Qe5+ Kg8 31. Qf6 Qc6 32. Re3 Rxb2 33. Rxb2 Rxb2 34. Rf3 Qe8 35. Qe5 Qe7 36. Rf6 Ra2 37. g4 Qd6 38. Qg5 hxg4 39. h5 g3 40. hxg6 Rxf2+ 41. Rxf2 gxf2 42. Qh6 fxg6 43. Qxg6+ Kf8 44. Qf6+ Ke8 45. Qh8+ Qf8 0-1


[Site "https://www.chess.com"]

[Event "Titled Tuesday Blitz April 11 Late 2023"]
[White "Janaszak, Dawid"]
[Black "Zampronha, Wladimir Camilo"]
[WhiteFideId "1119206"]
[BlackFideId "2103087"]
[WhiteElo "2220"]
[BlackElo "2176"]
[Result "1-0"]
[Round "04"]
[TimeControl "180+2"]
[Date "2023.04.11"]
[WhiteClock "0:01:04"]
[BlackClock "0:00:49"]

1. e4 c5 2. Nc3 e6 3. Nge2 Nc6 4. g3 Nf6 5. Bg2 Be7 6. O-O O-O 7. d4 cxd4 8. Nxd4 Qc7 9. h3 a6 10. g4 d6 11. g5 Nd7 12. Nde2 b5 13. Ng3 Bb7 14. h4 Rac8 15. h5 Rfe8 16. g6 Nf8 17. gxf7+ Kxf7 18. Bf4 Ne5 19. a3 Kg8 20. Kh1 Nc4 21. Bc1 Bf6 22. f4 Nxb2 23. Bxb2 Bxc3 24. Bxc3 Qxc3 25. Rf3 Qxc2 26. Qxd6 Rc3 27. Raf1 Rxf3 28. Rxf3 Bxe4 29. Nxe4 Qxe4 30. Qxa6 Rd8 31. Qxb5 Rd1+ 32. Rf1 Rxf1+ 33. Qxf1 Qf5 34. Qf3 Nd7 35. a4 Nc5 36. a5 Qb1+ 37. Kh2 Qa2 38. Qc6 Qa3 39. Qe8# 1-0


[Site "https://www.chess.com"]

[Event "Titled Tuesday Blitz April 11 Late 2023"]
[White "Lorenzo De La Riva, Lazaro"]
[Black "Thomas, Anysia"]
[WhiteFideId "2268809"]
[BlackFideId "670472"]
[WhiteElo "2294"]
[BlackElo "2091"]
[Result "1-0"]
[Round "04"]
[TimeControl "180+2"]
[Date "2023.04.11"]
[WhiteClock "0:00:22"]
[BlackClock "0:00:05"]

1. f4 g6 2. e4 c5 3. Nf3 Bg7 4. Be2 Nc6 5. O-O d5 6. d3 Nf6 7. e5 Nd7 8. c3 e6 9. d4 h5 10. Na3 Bf8 11. Nc2 Be7 12. Be3 b6 13. a3 Bb7 14. b4 c4 15. a4 f6 16. exf6 Nxf6 17. Ng5 Qd7 18. Ne1 O-O 19. h3 Nh7 20. Ngf3 Bd6 21. Qd2 Ne7 22. Ne5 Bxe5 23. fxe5 Nf5 24. Bf4 Rf7 25. g4 Ng7 26. a5 b5 27. a6 Bc6 28. Ng2 Raf8 29. Bh6 hxg4 30. hxg4 Rxf1+ 31. Bxf1 Qf7 32. Nf4 g5 33. Bxg7 Qxf4 34. Qxf4 Rxf4 35. Bf6 Rxg4+ 36. Bg2 Nxf6 37. exf6 Kf7 38. Kf2 Rf4+ 39. Kg3 Kxf6 40. Rh1 Rh4 41. Rf1+ Ke7 42. Re1 Kd6 43. Re5 Rh5 44. Bf3 Rh8 45. Rxg5 Bd7 46. Rg7 Re8 47. Bg4 Re7 48. Rg8 Re8 49. Rg5 Bc8 50. Rg7 1-0


[Site "https://www.chess.com"]

[Event "Titled Tuesday Blitz April 11 Late 2023"]
[White "Torres Dominguez, David"]
[Black "Petre, Nad-Titus"]
[WhiteFideId "2220857"]
[BlackFideId "1204165"]
[WhiteElo "1999"]
[BlackElo "2354"]
[Result "1/2-1/2"]
[Round "04"]
[TimeControl "180+2"]
[Date "2023.04.11"]
[WhiteClock "0:00:50"]
[BlackClock "0:00:39"]

1. e4 d6 2. Nc3 c5 3. f4 Nc6 4. Nf3 g6 5. Bb5 Bd7 6. Bxc6 Bxc6 7. O-O Bg7 8. d3 Nf6 9. a4 O-O 10. Qe1 e6 11. f5 exf5 12. Qh4 Ng4 13. Qxd8 Raxd8 14. exf5 Rfe8 15. fxg6 hxg6 16. Bd2 d5 17. h3 Ne3 18. Bxe3 Rxe3 19. Rae1 Rde8 20. Rxe3 Rxe3 21. Re1 Rxe1+ 22. Nxe1 f5 23. a5 Be5 24. Nf3 Bc7 25. Ne2 Bxa5 26. Ne5 Be8 27. Nf4 Bc7 28. Nexg6 Kg7 29. Ne6+ Kxg6 30. Nxc7 Bc6 31. Ne6 b6 32. g3 a5 33. Kf2 a4 34. c3 Kf6 35. Nf4 b5 36. Ke3 b4 37. cxb4 d4+ 38. Kd2 cxb4 39. h4 a3 40. bxa3 bxa3 41. Kc2 Ba4+ 42. Kb1 Bb3 43. h5 Kg5 44. Ne2 Bd1 45. Nxd4 Bxh5 46. Ka2 Kg4 47. Nxf5 Kxf5 48. Kxa3 Ke5 49. Kb3 Kd4 50. Kc2 Bg6 51. Kd2 Bxd3 52. g4 Bg6 53. g5 Ke5 54. Ke2 Ke6 55. Kf2 Kd6 56. Kg3 Ke6 57. Kf4 Kf7 58. Kg4 Kg7 59. Kf4 Kf7 60. Kg4 Ke6 61. Kf4 Kd5 62. Kg4 Ke5 63. Kh4 Kf5 64. Kg3 Kxg5 1/2-1/2


[Site "https://www.chess.com"]

[Event "Titled Tuesday Blitz April 11 Late 2023"]
[White "Chemin, Justo Reinaldo"]
[Black "Tanenbaum, Zachary"]
[WhiteFideId "2101580"]
[BlackFideId "2060850"]
[WhiteElo "1940"]
[BlackElo "2175"]
[Result "0-1"]
[Round "04"]
[TimeControl "180+2"]
[Date "2023.04.11"]
[WhiteClock "0:00:01"]
[BlackClock "0:00:09"]

1. e4 e5 2. Nf3 Nc6 3. Bb5 a6 4. Ba4 d6 5. Bxc6+ bxc6 6. d3 c5 7. b3 Nf6 8. Bb2 Be7 9. Nbd2 O-O 10. h3 Bb7 11. Qe2 Nd7 12. Nf1 f5 13. exf5 Rxf5 14. Ng3 Bxf3 15. gxf3 Rf7 16. Rg1 Nf8 17. O-O-O Ng6 18. Nh5 Qd7 19. f4 Nxf4 20. Nxf4 Rxf4 21. Kb1 Raf8 22. Rg2 Qxh3 23. Rdg1 g6 24. d4 cxd4 25. Qc4+ R4f7 26. f4 exf4 27. Rxg6+ hxg6 28. Rxg6+ Kh7 29. Re6 f3 30. Bxd4 Qf5 31. Re1 Bh4 32. Rh1 Qf4 33. Qd3+ Rf5 34. Be3 Qg4 35. Bf2 Qg2 36. Rxh4+ Kg6 37. Qe3 Re5 38. Qd3+ Ref5 39. Qe3 Qg5 0-1


[Site "https://www.chess.com"]

[Event "Titled Tuesday Blitz April 11 Late 2023"]
[White "Guzman Moneo, Alberto"]
[Black "Jaracz, Pawel"]
[WhiteFideId "2209616"]
[BlackFideId "1102222"]
[WhiteElo "2157"]
[BlackElo "2438"]
[Result "1-0"]
[Round "04"]
[TimeControl "180+2"]
[Date "2023.04.11"]
[WhiteClock "0:00:08"]
[BlackClock "0:00:06"]

1. e4 c5 2. Nc3 Nc6 3. Bb5 Nd4 4. Nge2 e6 5. O-O a6 6. Bd3 Nc6 7. b3 Nf6 8. Bb2 d6 9. Nf4 Be7 10. Be2 b5 11. d3 Bb7 12. Nh5 Nxh5 13. Bxh5 Bf6 14. Rb1 O-O 15. a4 Nd4 16. Ne2 bxa4 17. Nxd4 cxd4 18. bxa4 Bc6 19. Ra1 d5 20. Ba3 Re8 21. Bf3 dxe4 22. Bxe4 Bxe4 23. dxe4 Rc8 24. Qd3 Qa5 25. Bb2 Red8 26. f4 e5 27. fxe5 Bxe5 28. Rf5 g6 29. Rf3 Qc5 30. Ba3 Qxc2 31. Qxa6 d3 32. Raf1 Rc7 33. Qa5 Bd4+ 34. Kh1 d2 35. Qg5 Re8 36. Qb5 Rec8 37. Bd6 d1=Q 38. Bxc7 Qxf1+ 39. Rxf1 Qxc7 40. Qd5 Be5 41. h3 Rd8 42. Qa2 Kg7 43. a5 Ra8 44. a6 Qb6 45. Qd5 Re8 46. Qxf7+ Kh6 47. Qxe8 Bc7 48. Qf8+ Kh5 49. Qf3+ Kh6 50. Qf8+ Kh5 51. a7 Qxa7 52. g4+ Kh4 53. Qf2+ Qxf2 54. Rxf2 Kxh3 55. Rf7 Be5 56. Rxh7+ Kxg4 57. Rf7 g5 58. Kg2 Bf4 59. Kf2 Bc1 60. Ke2 Kg3 61. e5 g4 62. e6 1-0


[Site "https://www.chess.com"]

[Event "Titled Tuesday Blitz April 11 Late 2023"]
[White "Djordjevic, Vuk"]
[Black "Estrada Nieto, Julian"]
[WhiteFideId "902098"]
[BlackFideId "5101018"]
[WhiteElo "2452"]
[BlackElo "2161"]
[Result "0-1"]
[Round "04"]
[TimeControl "180+2"]
[Date "2023.04.11"]
[WhiteClock "0:00:14"]
[BlackClock "0:00:04"]

1. d4 d5 2. Bf4 Nf6 3. e3 c5 4. c3 Nc6 5. Nd2 cxd4 6. exd4 Qb6 7. Qb3 Bf5 8. Ngf3 Qxb3 9. axb3 Nh5 10. Be3 e6 11. h3 Nf6 12. g4 Be4 13. Bf4 Bxf3 14. Nxf3 Ne4 15. Bb5 Bd6 16. Ne5 Bxe5 17. Bxe5 f6 18. Bf4 Kd7 19. f3 Nd6 20. Bd3 e5 21. dxe5 fxe5 22. Bg3 e4 23. Be2 exf3 24. Bxf3 Rae8+ 25. Kf2 Rhf8 26. Kg2 Re3 27. Rhf1 Ne4 28. g5 Rfxf3 29. Rxf3 Re2+ 30. Kg1 Nxg5 31. Rf5 Ne4 32. Bf4 Ke6 33. Rf8 g5 34. Bh2 Rxb2 35. c4 Nd4 36. cxd5+ Ke7 37. Rg8 Nf3+ 38. Kf1 Rf2# 0-1


[Site "https://www.chess.com"]

[Event "Titled Tuesday Blitz April 11 Late 2023"]
[White "Domingo Nunez, Ruben"]
[Black "Gerbelli Neto, Eduardo"]
[WhiteFideId "22245570"]
[BlackFideId "2103281"]
[WhiteElo "2404"]
[BlackElo "2178"]
[Result "1-0"]
[Round "04"]
[TimeControl "180+2"]
[Date "2023.04.11"]
[WhiteClock "0:01:05"]
[BlackClock "0:00:20"]

1. b3 Nf6 2. Bb2 d5 3. Nf3 e6 4. e3 Be7 5. Be2 O-O 6. O-O c5 7. d4 Nc6 8. c4 b6 9. cxd5 exd5 10. dxc5 bxc5 11. Nc3 Be6 12. Rc1 Rc8 13. Na4 Nd7 14. Ba3 Nb4 15. Qd2 Nb6 16. Nxc5 Bxc5 17. Bxb4 Qe7 18. Rxc5 Rxc5 19. Ne5 Qc7 20. Bxc5 Qxc5 21. Rc1 Qd6 22. Qd4 Rd8 23. h4 Qa3 24. Rc2 h6 25. Bd3 Qd6 26. Nc6 Rc8 27. Nxa7 Rxc2 28. Bxc2 Qc7 29. Nb5 Qxc2 30. Qxb6 Qxa2 31. Nd4 Qb1+ 32. Kh2 Qe4 33. Qb8+ Kh7 34. Qf4 Qd3 35. b4 Kg8 36. b5 Qb1 37. Qb8+ Kh7 38. b6 Qe4 39. Qf4 Qb1 40. Qc7 Qe4 41. b7 Qxh4+ 42. Kg1 Qh5 43. Qc2+ 1-0


[Site "https://www.chess.com"]